 Dungeon Crawl Stone Soup version 0.17-a0-1667-g4ca74a1 (webtiles) character file.

1292 technomadic the Insei (level 8, -11/39 HPs)
             Began as a Vine Stalker Monk on Aug 17, 2015.
             Was a Follower of Ru.
             Mangled by an orc warrior
             ... wielding a +0 flail
              (14 damage)
             ... on level 5 of the Dungeon on Aug 18, 2015.
             The game lasted 00:18:46 (5339 turns).

technomadic the Insei (Vine Stalker Monk)           Turns: 5339, Time: 00:18:46

Health: -11/39     AC:  5    Str: 15    XL:     8   Next: 56%
Magic:  0/14       EV: 12    Int: 11    God:    Ru [*.....]
Gold:   509        SH:  0    Dex: 17    Spells: 3 memorised, 7 levels left

rFire  . . .     SeeInvis .       - Unarmed
rCold  . . .     Clarity  .     d - +0 leather armour
rNeg   . . .     SustAt   .     (no shield)
rPois  .         Gourm    .     (no helmet)
rElec  .         Spirit   +     (no cloak)
rCorr  .         Warding  .     f - +1 pair of gloves
rMut   .         Stasis   .     (no boots)
MR     +....                    (no amulet)
Stlth  +++.......               (no ring)
                                (no ring)

@: somewhat resistant to hostile enchantments, fairly stealthy
A: fangs 3, regeneration 2, magic shield, antimagic bite, no device heal 3, rot
immunity, hated by all
a: Renounce Religion


You were on level 5 of the Dungeon.
You worshipped Ru.
Ru was aware of your devotion.
You were very hungry.

You visited 2 branches of the dungeon, and saw 7 of its levels.
You also visited: Ossuary.

You collected 509 gold pieces.

Inventory:

Armour
 d - a +0 leather armour (worn)
 f - a +1 pair of gloves (worn)
Scrolls
 a - a scroll of identify
 c - a scroll of teleportation
 g - 2 scrolls of blinking
 o - a scroll of random uselessness {unknown}
 p - a scroll of enchant armour {unknown}
Potions
 e - a potion of flight
 h - a potion of ambrosia
 i - a potion of might
 l - a potion of degeneration
Books
 k - a book of Hinderance

   Spells                             Type                      Level
   a - Confusing Touch                Hexes                        2
   b - Confuse                        Hexes                        3
   c - Gell's Gravitas                Hexes/Translocation          3
   d - Petrify                        Transmutation/Earth          4
   e - Metabolic Englaciation         Hexes/Ice                    5
 m - a book of Spatial Translocations

   Spells                             Type                      Level
   a - Apportation                    Translocation                1
   b - Blink                          Translocation                2
   c - Shroud of Golubria             Charms/Translocation         2
   d - Portal Projectile              Translocation                3
   e - Teleport Other                 Translocation                3
   f - Passage of Golubria            Translocation                4
Comestibles
 b - 5 bread rations
 j - a meat ration
 n - a beef jerky
 q - a slice of pizza


   Skills:
 - Level 2.7 Fighting
 - Level 1.2 Armour
 - Level 2.4 Dodging
 - Level 4.0 Stealth
 - Level 6.7 Unarmed Combat
 + Level 3.5 Spellcasting
 - Level 2.4 Charms
 - Level 6.1 Translocations


You had 7 spell levels left.
You knew the following spells:

 Your Spells              Type           Power        Failure   Level  Hunger
a - Shroud of Golubria    Chrm/Tloc      ##........   10%         2    ###....
b - Teleport Other        Tloc           ###.....     10%         3    ###....
c - Blink                 Tloc           N/A          3%          2    ###....


Dungeon Overview and Level Annotations

Branches:
Dungeon (6/15)             Temple (1/1) D:6

Altars:
Ashenzari
Cheibriados
Dithmenos
Elyvilon
Fedhas
Gozag
Kikubaaqudgha
Makhleb
Nemelex Xobeh
Okawaru
Qazlal
Ru
Sif Muna
Trog
Vehumet
Xom
Yredelemnul
Zin
The Shining One

Annotations:
D:4 exclusion: upstairs, PoeticJustice's ghost, average TrAK
D:5 Sigmund


Innate Abilities, Weirdness & Mutations

You have razor-sharp teeth.
You heal very quickly.
When hurt, damage is shared between your health and your magic reserves.
Your bite disrupts and absorbs the magic of your enemies.
Potions and wands cannot restore your health.
You are immune to rotting.
You are hated by all.


Message History

You barely miss the orc warrior. Your bite misses the orc warrior.
The orc warrior is moderately wounded.
The orc warrior hits you but does no damage.
Drink which item? (? for menu, Esc to quit)
Okay, then.
You aren't carrying any items that can be evoked.
Cast which spell? (? or * to list)
You blink.
Casting: Blink
Confirm with . or Enter, or press ? or * to list all spells.
Space distorts slightly along a thin shroud covering your body.
You hit the orc warrior but do no damage.
The orc warrior is moderately wounded.
You hit the orc warrior but do no damage.
You bite the orc warrior, but do no damage.
The orc warrior is moderately wounded.
The orc warrior hits you with a flail!
* * * LOW HITPOINT WARNING * * *
The orc warrior hits you with a flail!
You die...

.....#
######.#.#...............
.....#
#...#...........###.
.....#
#########.........#.
.....#
##########..######.#.
.....#
#..........>.........
######
#...........######.##
#...........# #.#
#...........# #.#
#...@.......# #.##
#...o.......# #...
#...........# ####
#...........#
#...........#
#...........#
#############


You could see an orc warrior.

Vanquished Creatures
  Eustachio (D:5)
  A sky beast (D:5)
  An ogre (D:5)
  An elf zombie (Ossuary)
  2 giant frogs (D:6)
  A scorpion (D:4)
  An iguana (D:5)
  3 hounds
  5 orc wizards
  2 orc priests
  A giant frog skeleton (D:4)
  A jelly (D:5)
  A centaur skeleton (D:6)
  5 worker ants
  A big kobold zombie (Ossuary)
  3 mummies
  4 adders
  A shadow imp (D:5)
  An ooze (D:3)
  4 worms
  2 adder skeletons
  2 giant geckos
  11 orcs
  8 bats
  4 giant cockroaches
  4 gnoll zombies (Ossuary)
  3 goblins
  6 hobgoblins
  10 jackals
  4 kobolds
  A ball python (D:1)
  6 giant newts
  2 goblin zombies (Ossuary)
  4 hobgoblin zombies
  4 orc zombies
  4 rats
115 creatures vanquished.

Notes
Turn   | Place    | Note
--------------------------------------------------------------
     0 | D:1      | technomadic the Vine Stalker Monk began the quest for the Orb.
     0 | D:1      | Reached XP level 1. HP: 11/11 MP: 2/2
   138 | D:1      | Reached XP level 2. HP: 16/16 MP: 3/3
   592 | D:1      | Reached XP level 3. HP: 19/19 MP: 4/4
   873 | D:2      | Reached skill level 1 in Armour
  1100 | D:2      | Found a shattered altar of Ashenzari.
  1257 | D:2      | Reached XP level 4. HP: 23/23 MP: 5/5
  2252 | D:4      | Noticed PoeticJustice's ghost (average TrAK)
  2351 | D:4      | Learned a level 2 spell: Shroud of Golubria
  2453 | D:4      | Reached skill level 1 in Charms
  2453 | D:4      | Reached XP level 5. HP: 17/27 MP: 6/6
  2494 | D:4      | Reached skill level 1 in Translocations
  2596 | D:4      | Noticed an ogre
  2645 | D:3      | Reached skill level 5 in Unarmed Combat
  2776 | D:4      | Gained mutation: You heal very quickly. [Vine Stalker growth]
  2776 | D:4      | Reached XP level 6. HP: 29/32 MP: 7/7
  3151 | D:5      | Entered Level 5 of the Dungeon
  3227 | D:5      | Reached skill level 6 in Unarmed Combat
  3272 | D:5      | Noticed Eustachio
  3526 | D:5      | Reached XP level 7. HP: 22/35 MP: 4/8
  3549 | D:5      | Noticed Sigmund
  3689 | D:5      | Killed Eustachio
  3720 | D:5      | Reached skill level 5 in Translocations
  3764 | D:5      | Found a sand-covered staircase.
  3773 | Ossuary  | Entered an ossuary
  3875 | Ossuary  | Learned a level 3 spell: Teleport Other
  3939 | Ossuary  | Gained mutation: You have razor-sharp teeth. [Vine Stalker growth]
  3939 | Ossuary  | Reached XP level 8. HP: 16/39 MP: 4/9
  4166 | D:5      | Learned a level 2 spell: Blink
  4583 | D:6      | Reached skill level 1 in Spellcasting
  4899 | D:6      | Found a staircase to the Ecumenical Temple.
  4907 | Temple   | Entered the Ecumenical Temple
  5006 | Temple   | Became a worshipper of Ru the Awakened
  5017 | Temple   | Gained mutation: You are hated by all. [Ru sacrifice]
  5017 | Temple   | Acquired Ru's first power
  5339 | D:5      | Mangled by an orc warrior

Vault maps used:
D:1:      zelgadis_glass_arrival_small, kennysheep_small_spiral, minivault_26
D:2:      nicolae_ashenzari_panopticon
D:5:      nicolae_ossuary_entry_giza, first_bread, uniq_eustachio, uniq_sigmund
D:6:      minmay_temple_entry_large_hall, uniq_crazy_yiuf_cottage
Temple:   kilobyte_greek_temple_18
Ossuary:  minmay_ossuary_gauntlet

Action                   |  1- 3 |  4- 6 |  7- 9 || total
-------------------------+-------+-------+-------++-------
Melee: Unarmed           |   104 |   155 |   217 ||   476
 Cast: Blink             |       |       |     1 ||     1
       Shroud of Golubri |       |       |     1 ||     1
Invok: Sacrifice Love    |       |       |     1 ||     1
  Use: Scroll            |       |     9 |     3 ||    12
       Potion            |       |     1 |     2 ||     3
 Stab: Sleeping          |    10 |     4 |     5 ||    19
       Distracted        |       |     1 |       ||     1
  Eat: Chunk             |     1 |     6 |     5 ||    12
       Pizza             |       |     1 |       ||     1
